 Dungeon Crawl Stone Soup version 0.29.1-13-g9f3cf754e1 (webtiles) character file.

Game seed: 3518631240748501933

860 Priul the Digger (level 7, 0/62 HPs)
             Began as a Troll Earth Elementalist on Feb 1, 2023.
             Was an Initiate of Ru.
             Slain by a steam dragon (4 damage)
             ... on level 6 of the Dungeon.
             The game lasted 00:44:52 (4270 turns).

Priul the Digger (Troll Earth Elementalist)         Turns: 4270, Time: 00:44:56

Health: 0/62       AC:  5    Str: 17    XL:     7   Next: 71%
Magic:  9/11       EV: 10    Int: 13    God:    Ru [......]
Gold:   205        SH:  0    Dex: 10    Spells: 10/13 levels left

rFire   . . .      SeeInvis .   l - +4 dagger
rCold   . . .      Faith    .   (no shield)
rNeg    . . .      Spirit   .   a - +1 robe
rPois   .          Reflect  .   w - +0 hat
rElec   .          Harm     .   (no cloak)
rCorr   .          Rampage  .   (gloves unavailable)
Will    .....                   (boots unavailable)
Stlth   ++........              v - amulet of the acrobat
HPRegen 1.00/turn               (no ring)
MPRegen 0.12/turn               (no ring)

@: no status effects
A: large, unfitting armour, claws 3, regeneration 1, shaggy fur 1, tough skin 1
a: Renounce Religion, Sacrifice an Eye, Sacrifice Experience, Sacrifice Essence,
Reject Sacrifices


You were on level 6 of the Dungeon.
You worshipped Ru.
Ru was noncommittal.
You visited 2 branches of the dungeon, and saw 7 of its levels.

You collected 233 gold pieces.
You spent 28 gold pieces at shops.

Inventory:

Hand Weapons
 l - a +4 dagger (weapon)
 q - a +0 short sword of freezing
Missiles
 d - 3 javelins
 j - 19 stones
 r - 2 boomerangs
 s - a boomerang of dispersal (quivered)
Armour
 a - a +1 robe (worn)
 w - a +0 hat (worn)
Jewellery
 v - an amulet of the acrobat (around neck)
Wands
 h - a wand of digging (8)
Scrolls
 c - a scroll of teleportation
 f - 3 scrolls of enchant armour
 g - a scroll of enchant weapon {unknown}
 n - 3 scrolls of vulnerability {unknown}
 o - a scroll of silence {unknown}
 t - a scroll of poison {unknown}
 u - 2 scrolls of immolation {unknown}
Potions
 b - a potion of magic
 k - a potion of brilliance
 m - 2 potions of invisibility
 x - a potion of lignification {unknown}
 z - a potion of berserk rage {unknown}
 A - a potion of degeneration {unknown}


   Skills:
 + Level 1.3 Fighting
 + Level 1.5 Short Blades
 + Level 0.1 Throwing
 + Level 2.8 Dodging
 + Level 1.5 Stealth
 + Level 1.1 Unarmed Combat
 + Level 3.7 Spellcasting
 + Level 0.6 Transmutations
 + Level 4.8 Earth Magic


You had 10 spell levels left.
You knew the following spells:

 Your Spells              Type           Power      Damage    Failure   Level
a - Sandblast             Erth           28%        2d8       3%          1
b - Passwall              Tmut/Erth      7%         N/A       11%         2

Your spell library contained the following spells:

 Spells                   Type           Power      Damage    Failure   Level
 Stone Arrow              Conj/Erth      16%        3d8       24%         3
 Petrify                  Tmut/Erth      9%         N/A       56%         4


Dungeon Overview and Level Annotations

Branches:
Dungeon (6/15)             Temple (1/1) D:4

Altars:
Cheibriados
Dithmenos
Elyvilon
Gozag
Hepliaklqana
Kikubaaqudgha
Makhleb
Nemelex Xobeh
Okawaru
Ru
Sif Muna
Trog
Uskayaw
Vehumet
Wu Jian
Xom
Yredelemnul
Zin

Shops:
D:2 :   D:4 ?


Innate Abilities, Weirdness & Mutations

You are too large for most types of armour.
You have claws for hands.
Your natural rate of healing is unusually fast.
You are covered in fur. (AC +1)
You have tough skin. (AC +1)


Message History

Throw: 3 boomerangs (disperse)
Press: ? - help, Q - select action, (/) - cycle Shift-Dir - straight line, f - steam dragon
Aim: a steam dragon (heavily wounded, catching its breath, 54% to hit)
You throw a boomerang of dispersal.
The boomerang of dispersal hits the steam dragon.
The steam dragon blinks!
The steam dragon is severely wounded.
Cast which spell? (? or * to list)
Aiming: Sandblast (safe; 3% risk of failure)
Press: ? - help, Shift-Dir - straight line, f/p - steam dragon
Aim: a steam dragon (severely wounded, catching its breath, 82% to hit)
The blast of sand hits the steam dragon.
The steam dragon is severely wounded.
Casting: Sandblast (safe; 3% risk of failure)
Confirm with . or Enter, or press ? or * to list all spells.
Aiming: Sandblast (safe; 3% risk of failure)
Press: ? - help, Shift-Dir - straight line, f/p - steam dragon
Aim: a steam dragon (severely wounded, 82% to hit)
The blast of sand hits the steam dragon.
The steam dragon is severely wounded.
The steam dragon breathes steam at you. The ball of steam hits you!
* * * LOW HITPOINT WARNING * * *
The steam dragon closely misses you. The steam dragon completely misses you.
The steam dragon breathes steam at you. The ball of steam misses you.
The steam dragon bites you.
* * * LOW HITPOINT WARNING * * *
The steam dragon claws you.
* * * LOW HITPOINT WARNING * * *
You feel better. The steam dragon bites you!
* * * LOW HITPOINT WARNING * * *
The steam dragon claws you but does no damage.
Throw: 2 boomerangs (disperse)
Press: ? - help, Q - select action, (/) - cycle Shift-Dir - straight line, f/p - steam dragon
Aim: a steam dragon (severely wounded, 54% to hit)
You throw a boomerang of dispersal.
The boomerang of dispersal closely misses the steam dragon.
The steam dragon bites you.
You die...

... ###. .. ###...# .
###......# ####........##
###.#...........#
##...##..........##
......#.....#.....#
......##........D.#######
.......#........@.ยงยงยง....
.......##........#######.
..#.....#...=..###
........##...###
...........### .......#####
#.# .....### #.# ...###
##+## #.# .###.# ##...##
#.##


You could see a steam dragon.

Vanquished Creatures
  3 bullfrogs
  2 scorpions (D:5)
  A howler monkey (D:5)
  A jelly (D:6)
  4 orc priests
  2 hounds
  Jessica (D:3)
  An iguana (D:4)
  2 orc wizards (D:5)
  8 gnolls
  6 adders
  A white imp (D:5)
  2 worms
  3 dart slugs
  11 orcs
  7 ball pythons
  7 bats
  An endoplasm (D:2)
  2 giant cockroaches
  4 goblins
  5 hobgoblins
  3 quokkas
  4 frilled lizards
  7 kobolds
  2 rats
90 creatures vanquished.

Vanquished Creatures (others)
  An orc wizard (D:5)
  3 withered plants (D:2)
4 creatures vanquished.

Grand Total: 94 creatures vanquished

Notes
Turn   | Place    | Note
-------+----------+-------------------------------------------
     0 | D:1      | Priul the Troll Earth Elementalist began the quest for the
                  | Orb.
     0 | D:1      | Reached XP level 1. HP: 16/16 MP: 1/1
   171 | D:1      | Reached XP level 2. HP: 24/24 MP: 0/3
   234 | D:1      | Reached skill level 3 in Earth Magic
   636 | D:2      | Found Tuomyss's Vocational Training.
   816 | D:2      | Reached XP level 3. HP: 31/31 MP: 4/4
   864 | D:2      | Found a faded altar of an unknown god.
   950 | D:2      | Reached skill level 1 in Unarmed Combat
  1439 | D:2      | Reached XP level 4. HP: 38/39 MP: 0/5
  1731 | D:2      | Learned a level 2 spell: Passwall
  1804 | D:3      | Noticed Jessica
  1811 | D:3      | Killed Jessica
  2229 | D:4      | Reached XP level 5. HP: 45/45 MP: 4/7
  2255 | D:4      | Found Vuleesch's Magic Scroll Emporium.
  2318 | D:4      | Bought a scroll of identify for 28 gold pieces
  2346 | D:4      | Found a staircase to the Ecumenical Temple.
  2481 | Temple   | Entered the Ecumenical Temple
  2573 | Temple   | Became a worshipper of Ru the Awakened
  2846 | D:4      | Reached skill level 4 in Earth Magic
  2846 | D:4      | Reached XP level 6. HP: 54/54 MP: 3/9
  3028 | D:4      | Found a sparkling altar of Nemelex Xobeh.
  3039 | D:4      | Found a white marble altar of Elyvilon.
  3039 | D:4      | Found an iron altar of Okawaru.
  3042 | D:4      | Found an ornate altar of the Wu Jian Council.
  3190 | D:5      | Entered Level 5 of the Dungeon
  3441 | D:5      | Reached XP level 7. HP: 30/61 MP: 5/11
  3628 | D:5      | Found a basalt altar of Yredelemnul.
  3661 | D:5      | Found an opulent altar of Gozag.
  3764 | D:5      | Reached skill level 1 in Fighting
  3899 | D:5      | Reached skill level 1 in Short Blades
  4195 | D:6      | Noticed a yak
  4231 | D:6      | Noticed a steam dragon
  4269 | D:6      | HP: 3/62 [steam dragon (9)]
  4270 | D:6      | Slain by a steam dragon

Illustrated notes

Levels and vault maps discovered:
D:1:      saegor_arrival_simple_e, layout_rooms
D:2:      layout_basic, ebering_ecumenical_altar_petrified,
          nicolae_shop_vocational
D:3:      layout_basic, uniq_natasha, uniq_ijyb, uniq_jessica
D:4:      layout_basic, minitemple, minmay_temple_entry_slanted, serial_shops,
          shop
D:5:      layout_rooms, nicolae_gozag_cash_rules_everything_around_me,
          overflow_temple_1_default, chequers_serial_rivers_small_3
D:6:      minmay_skewed_foursquare, layout_loops_corners,
          mainiacjoe_overflow_24_doors, gup_sewer_entry_bubbles,
          kennysheep_donut, uniq_pikel, uniq_sigmund
Temple:   eino_wide_crystal_templ

Skill      XL: |  1  2  3  4  5  6  7 |
---------------+----------------------+-----
Earth Magic    | 3 4 |  4.8
Unarmed Combat | 1 |  1.1
Dodging        | 2 |  2.8
Spellcasting   | 2 3 |  3.7
Fighting       | 1 |  1.3
Short Blades   | 1 |  1.5
Throwing       | |  0.1
Stealth        | |  1.5
Transmutations | |  0.6

Action                   |  1- 3 |  4- 6 |  7- 9 || total
-------------------------+-------+-------+-------++-------
Melee: Unarmed           |    71 |       |       ||    71
       Dagger            |    27 |    86 |    99 ||   212
       Punch             |       |       |     2 ||     2
Throw: Stone             |     2 |     7 |       ||     9
       Boomerang         |       |       |     2 ||     2
       Throwing net      |       |       |     1 ||     1
 Cast: Sandblast         |    28 |    55 |    17 ||   100
       Passwall          |       |     1 |       ||     1
  Use: Scroll            |     2 |     3 |       ||     5
       Potion            |     1 |     2 |     2 ||     5
 Stab: Invisible         |       |     1 |       ||     1
Armor: Robe              |    56 |    19 |    33 ||   108
Dodge: Dodged            |    56 |    41 |    31 ||   128
